 Dungeon Sprint DCSS version 0.31-a0-744-gbc345e7fcb (webtiles) character file.

Game seed: 15027426804095030494

9072 rocky1 the Imperceptible (level 11, -2/100 HPs)
             Began as a Naga Enchanter on Sept 14, 2023.
             Was the Champion of Cheibriados.
             Slain by a gargoyle
             ... wielding a +0 mace
              (16 damage)
             ... in the Dungeon (Sprint VII: "The Pits").
             The game lasted 00:06:44 (2040 turns).

rocky1 the Imperceptible (Naga Enchanter)           Turns: 2040, Time: 00:06:45

Health: -2/100     AC: 14    Str: 25    XL:     11   Next: 40%
Magic:  11/20      EV: 17    Int: 32    God:    Cheibriados [******]
Gold:   0          SH:  0    Dex: 30    Spells: 11/22 levels left

rFire   . . .        m - +2 dagger (venom)
rCold   . . .        (no shield)
rNeg    . . .        r - +5 ring mail
rPois   +            q - +0 helmet
rElec   .            s - +0 cloak
rCorr   .            (no gloves)
SInv    +            (no barding)
Will    +....        (no amulet)
Stlth   ++++++++     (no ring)
HPRegen 0.36/turn    (no ring)
MPRegen 0.17/turn

%: no teleportation
@: very slow
A: AC +3, large, see invisible, deformed body, poison resistance, slowness 2,
spit poison 1, naga tail 1
a: Spit Poison, Renounce Religion, Bend Time, Temporal Distortion, Slouch, Step
From Time


You were in the Dungeon.
You worshipped Cheibriados.
Cheibriados was exalted by your worship.
You visited 1 branch

Inventory:

Hand Weapons
 m - a +2 dagger of venom (weapon)
 o - a +2 long sword of flaming
 t - a +2 scimitar of holy wrath
 u - a +2 long sword of electrocution
 v - a +0 scimitar of flaming
Armour
 b - a +0 robe
 q - a +0 helmet (worn)
 r - a +5 ring mail (worn)
 s - a +0 cloak (worn)
Jewellery
 a - a +3 ring of evasion
 f - a +3 ring of intelligence
Scrolls
 i - a scroll of blinking
 j - 2 scrolls of vulnerability
 k - 5 scrolls of amnesia
 l - a scroll of butterflies
Potions
 c - 3 potions of invisibility
 d - 7 potions of curing
 e - 10 potions of heal wounds
 g - 4 potions of magic
 h - 4 potions of berserk rage
 n - 2 potions of brilliance
 p - a potion of mutation


   Skills:
 - Level 7.4 Fighting
 - Level 10.1 Short Blades
 + Level 5.5 Armour
 + Level 9.0 Dodging
 + Level 21.8 Stealth
 - Level 6.4 Spellcasting
 - Level 0.1 Conjurations
 - Level 9.9 Hexes
 - Level 12.7 Invocations


You had 11 spell levels left.
You knew the following spells:

 Your Spells              Type           Power      Damage    Failure   Level
a - Confusing Touch       Hex            65%        N/A       1%          3
b - Tukima's Dance        Hex            65%        N/A       1%          3
c - Ensorcelled Hibernat  Hex/Ice        84%        N/A       1%          2
d - Dazzling Flash        Conj/Hex       84%        N/A       2%          3

Your spell library contained the following spells:

 Spells                   Type           Power      Damage    Failure   Level


Dungeon Overview and Level Annotations

Branches:
Dungeon (1/1)

Altars:
Ashenzari
Cheibriados
Dithmenos
Elyvilon
Fedhas
Gozag
Hepliaklqana
Kikubaaqudgha
Makhleb
Nemelex Xobeh
Okawaru
Qazlal
Ru
Sif Muna
Trog
Uskayaw
Vehumet
Wu Jian
Xom
Yredelemnul
Zin
The Shining One
Jiyva
Lugonu


Innate Abilities, Weirdness & Mutations

Your serpentine skin is tough. (AC +3)
You have supernaturally acute eyesight. (SInv)
Armour fits poorly on your strangely shaped body.
Your system is resistant to poisons. (rPois)
You cover ground very slowly.
You can spit poison.
You have a snake-like lower body.


Message History

Activating: Slouch (1% risk of failure)
Press: ? - help, Dir - look around, f - activate You can feel time thicken for a moment.
You destroy the water elemental!
Cheibriados appreciates the change of pace.
You destroy the water elemental!
Cheibriados thoroughly appreciates the change of pace.
Your Armour skill increases to level 5!
Unknown command.
The merfolk hits you from afar with a +0 trident!!
The merfolk aquamancer casts a spell at you.
The torrent of water misses you.
The wave splashes down.
The merfolk closely misses you.
The merfolk aquamancer hits you but does no damage.
The merfolk misses you.
The merfolk aquamancer hits you with a +0 rapier!
You hear a shout!
You puncture the merfolk aquamancer!
The merfolk aquamancer is poisoned.
The merfolk aquamancer is almost dead.
The merfolk closely misses you.
You hit the merfolk aquamancer but do no damage.
The merfolk aquamancer is almost dead.
The merfolk aquamancer hits you with a +0 rapier.
You hit the merfolk aquamancer.
The merfolk aquamancer looks as sick as possible!
The merfolk aquamancer is almost dead.
The merfolk completely misses you.
You hit the merfolk aquamancer.
The merfolk aquamancer is almost dead.
You kill the merfolk aquamancer!
Cheibriados thoroughly appreciates the change of pace.
Your Dodging skill increases to level 9!
The gargoyle hurls a stone arrow at you.
The stone arrow hits you!! The merfolk barely misses you. x2
The gargoyle hits you with a +0 mace! The merfolk hits you with a +0 trident!
* * * LOW HITPOINT WARNING * * *
The merfolk hits you with a +0 trident.
* * * LOW HITPOINT WARNING * * *
The gargoyle hits you with a +0 mace!
You die...

'###### '# #####
########
.###..†###..+...#
..##...##..##...###
...##'##..###...+.##
#..........##.†. ..##
..###'###...##†##...#
.##.....##..#)~.#9..#
÷'÷......+..+~~.@m..+
.##.....##..#)~.#m..#
..###'###...##'##...#
#.........)##...#..##
...##'##..###†).+.##
..##†††##..##...###
.###...###..'...# #
##### ########


You could see 2 merfolk and a gargoyle.

Vanquished Creatures
  A merfolk aquamancer (D)
  A boulder beetle (D)
  3 hell hogs (D)
  A wizard (D)
  A deep elf pyromancer (D)
  A gargoyle (D)
  An unseen horror (D)
  3 kobold demonologists (D)
  An efreet (D)
  A komodo dragon (D)
  A tarantella (D)
  A spriggan (D)
  A ynoxinul (D)
  A shadow (D)
  2 water elementals (D)
  3 yaks (D)
  A warg (D)
  An acid dragon (D)
  A floating eye (D)
  An orc warrior (D)
  2 ice beasts (D)
  6 wolves (D)
  An ogre (D)
  A centaur (D)
  4 kobold brigands (D)
  A gnoll sergeant (D)
  A scorpion (D)
  5 killer bees (D)
  A crimson imp (D)
  An iron imp (D)
  2 orc priests (D)
  Jessica (D)
  2 orc wizards (D)
  A hell rat (D)
  7 gnolls (D)
  An adder zombie (D)
  An adder skeleton (D)
  2 orcs (D)
  An endoplasm (D)
  A goblin (D)
  4 jackals (D)
  3 kobolds (D)
  2 quokkas (D)
  A quokka skeleton (D)
  A rat (D)
80 creatures vanquished.

Notes
Turn   | Place    | Note
-------+----------+-------------------------------------------
     0 | D        | rocky1 the Naga Enchanter began the quest for the Orb.
     0 | D        | Reached XP level 1. HP: 15/15 MP: 3/3
    22 | D        | Reached skill level 5 in Stealth
    68 | D        | Found a bloodstained altar of Trog.
    68 | D        | Found a shimmering blue altar of Sif Muna.
    68 | D        | Found a viscous altar of Jiyva.
    68 | D        | Found a hazy altar of Hepliaklqana.
    68 | D        | Found an opulent altar of Gozag.
    69 | D        | Found a glowing golden altar of the Shining One.
    69 | D        | Found a glowing silver altar of Zin.
    69 | D        | Found a basalt altar of Yredelemnul.
    69 | D        | Found a shimmering altar of Xom.
    69 | D        | Found an ornate altar of the Wu Jian Council.
    69 | D        | Found a sacrificial altar of Ru.
    69 | D        | Found a stormy altar of Qazlal.
    69 | D        | Found an iron altar of Okawaru.
    69 | D        | Found a sparkling altar of Nemelex Xobeh.
    69 | D        | Found a burning altar of Makhleb.
    69 | D        | Found a blossoming altar of Fedhas.
    69 | D        | Found a white marble altar of Elyvilon.
    69 | D        | Found a shadowy altar of Dithmenos.
    69 | D        | Found a snail-covered altar of Cheibriados.
    73 | D        | Found a corrupted altar of Lugonu.
    73 | D        | Found a radiant altar of Vehumet.
    74 | D        | Found a broken altar of Ashenzari.
    74 | D        | Found an ancient bone altar of Kikubaaqudgha.
    74 | D        | Found a hide-covered altar of Uskayaw.
    82 | D        | Became a worshipper of Cheibriados the Contemplative
   126 | D        | Noticed a scorpion
   130 | D        | Killed a scorpion
   131 | D        | Reached skill level 7 in Stealth
   131 | D        | Reached skill level 5 in Hexes
   131 | D        | Reached XP level 2. HP: 22/22 MP: 4/6
   131 | D        | Reached XP level 3. HP: 28/28 MP: 4/7
   131 | D        | Reached XP level 4. HP: 36/36 MP: 4/8
   171 | D        | Reached * piety under Cheibriados
   178 | D        | Reached skill level 8 in Stealth
   188 | D        | Noticed a floating eye
   196 | D        | Reached ** piety under Cheibriados
   199 | D        | Paralysed by a floating eye for 3 turns
   202 | D        | Killed a floating eye
   203 | D        | Reached skill level 1 in Fighting
   203 | D        | Reached skill level 9 in Stealth
   203 | D        | Reached XP level 5. HP: 19/44 MP: 9/11
   207 | D        | Reached *** piety under Cheibriados
   451 | D        | Learned a level 3 spell: Confusing Touch
   455 | D        | Learned a level 3 spell: Tukima's Dance
   458 | D        | Learned a level 2 spell: Ensorcelled Hibernation
   462 | D        | Learned a level 3 spell: Dazzling Flash
   462 | D        | Noticed an ogre
   462 | D        | Noticed Jessica
   470 | D        | Reached skill level 10 in Stealth
   476 | D        | Reached **** piety under Cheibriados
   484 | D        | Killed an ogre
   485 | D        | Reached XP level 6. HP: 8/51 MP: 12/12
   494 | D        | Reached ***** piety under Cheibriados
   495 | D        | Reached skill level 5 in Short Blades
   495 | D        | Reached skill level 11 in Stealth
   506 | D        | Killed Jessica
   512 | D        | Reached XP level 7. HP: 33/60 MP: 14/14
   689 | D        | Reached skill level 12 in Stealth
   690 | D        | Noticed a gargoyle
   692 | D        | Killed a gargoyle
   692 | D        | Reached ****** piety under Cheibriados
   693 | D        | Reached skill level 13 in Stealth
   693 | D        | Reached skill level 5 in Invocations
   694 | D        | Noticed a warg
   729 | D        | Reached skill level 14 in Stealth
   729 | D        | Reached XP level 8. HP: 46/69 MP: 15/15
   754 | D        | Reached skill level 5 in Dodging
  1236 | D        | Noticed a kobold demonologist
  1236 | D        | Noticed a kobold demonologist
  1238 | D        | Reached skill level 15 in Stealth
  1238 | D        | Killed a kobold demonologist
  1238 | D        | Killed a kobold demonologist
  1239 | D        | Reached skill level 16 in Stealth
  1239 | D        | Reached XP level 9. HP: 80/80 MP: 5/16
  1542 | D        | Noticed a komodo dragon
  1546 | D        | Reached skill level 5 in Fighting
  1546 | D        | Reached skill level 17 in Stealth
  1549 | D        | Killed a komodo dragon
  1553 | D        | Reached skill level 1 in Armour
  1563 | D        | Reached skill level 10 in Short Blades
  1563 | D        | Reached skill level 18 in Stealth
  1710 | D        | Reached skill level 5 in Spellcasting
  1715 | D        | Reached XP level 10. HP: 70/91 MP: 3/17
  1825 | D        | Noticed an unseen horror
  1832 | D        | Killed an unseen horror
  1833 | D        | Reached skill level 10 in Invocations
  1860 | D        | Noticed a boulder beetle
  1862 | D        | Killed a boulder beetle
  1863 | D        | Reached skill level 19 in Stealth
  1908 | D        | Noticed a kobold demonologist
  1908 | D        | Noticed a deep elf pyromancer
  1914 | D        | Killed a kobold demonologist
  1922 | D        | Killed a deep elf pyromancer
  1960 | D        | Noticed a wizard
  1965 | D        | Reached skill level 20 in Stealth
  1966 | D        | Killed a wizard
  1973 | D        | Noticed a hell hog
  1973 | D        | Noticed a hell hog
  1973 | D        | Noticed a hell hog
  1975 | D        | Killed a hell hog
  1975 | D        | Killed a hell hog
  1975 | D        | Killed a hell hog
  1976 | D        | Reached skill level 21 in Stealth
  1976 | D        | Reached XP level 11. HP: 83/100 MP: 9/20
  2025 | D        | Noticed a merfolk aquamancer
  2035 | D        | Reached skill level 5 in Armour
  2039 | D        | Killed a merfolk aquamancer
  2040 | D        | Slain by a gargoyle

Illustrated notes

Levels and vault maps discovered:
D:        pitsprint [storerooms_1, entrance_room_1, metal_vault_5, armoury_3,
          mini_pit_1, grid_room_1, main_hall_1, silver_pit, the_coven_3,
          the_vestibule_1, steel_vault_4, golden_pit, hallway_of_sentries,
          crystal_vault_2, iron_vault_2, final_vault]

Skill      XL: |  1  2  3  4  5  6  7  8  9 10 11 |
---------------+----------------------------------+-----
Stealth        | 7 9 10 11 14 16 18 21 | 21.8
Short Blades   | 2 3 4 5 7 9 10 | 10.1
Dodging        | 2 3 4 6 7 8 9 |  9.0
Spellcasting   | 3 4 5 6 |  6.4
Hexes          | 5 6 7 8 9 |  9.9
Fighting       | 1 2 3 4 6 7 |  7.4
Invocations    | 2 4 6 8 9 12 | 12.7
Armour         | 1 4 5 |  5.5
Conjurations   | |  0.1

Action                     |  1- 3 |  4- 6 |  7- 9 | 10-12 || total
---------------------------+-------+-------+-------+-------++-------
  Melee: Dagger            |    11 |    56 |    92 |    44 ||   203
         Punch             |       |       |     1 |     1 ||     2
   Cast: Confusing Touch   |       |       |     4 |       ||     4
         Dazzling Flash    |       |       |     2 |       ||     2
 Invoke: Slouch            |       |       |     3 |     6 ||     9
    Use: Potion            |       |     3 |     2 |       ||     5
   Stab: Sleeping          |     2 |     2 |     2 |     9 ||    15
         Invisible         |       |     6 |     2 |       ||     8
         Confused          |       |       |     4 |       ||     4
 Armour: Robe              |     8 |    23 |    23 |       ||    54
         Ring mail         |       |       |    23 |    22 ||    45
  Dodge: Dodged            |     2 |    27 |    44 |    23 ||    96

Table legend: (Time is in decaauts)
 A = Elapsed time spent in this place.
 B = Non-inter-level travel time spent in this place.
 C = Inter-level travel time spent in this place.
 D = Time resting spent in this place.
 E = Time spent auto-exploring this place.
 F = Levels seen in this place.
 G = Mean time per level.
                   A        B        C        D        E       F      G
               +--------+--------+--------+--------+--------+-----+--------+
         Total |   2441 |   2281 |    160 |   1394 |      0 |   1 | 2441.0 |
       Dungeon |   2441 |   2281 |    160 |   1394 |      0 |   1 | 2441.0 |
               +--------+--------+--------+--------+--------+-----+--------+

Top non-repeatable levels by time:
       D: 2441 daAuts
